 Dungeon Crawl Stone Soup version 0.25-a0-697-g890751e744 (webtiles) character file.

Game seed: 2391606190637115201, levelgen mode: deterministic

367 Esekla the Skirmisher (level 7, 0/56 HPs)
             Began as a Formicid Abyssal Knight on Mar 31, 2020.
             Was a Priest of Lugonu.
             Killed by divine providence
             ... invoked by an orc priest
              (13 damage)
             ... on level 4 of the Dungeon.
             The game lasted 00:22:24 (3478 turns).

Esekla the Skirmisher (Formicid Abyssal Knight)     Turns: 3478, Time: 00:22:24

Health: 0/56       AC:  8    Str: 18    XL:     7   Next: 1%
Magic:  9/9        EV:  9    Int: 12    God:    Lugonu [***...]
Gold:   187        SH: 13    Dex: 10    Spells: 6/6 levels left

rFire    . . .     SeeInvis +   a - +1 falchion
rCold    . . .     Gourm    .   n - +0 kite shield
rNeg     . . .     Faith    .   b - +0 leather armour
rPois    .         Spirit   .   (helmet unavailable)
rElec    .         Reflect  +   (no cloak)
rCorr    .         Harm     .   (no gloves)
MR       .....                  (no boots)
Stlth    +.........             s - +5 amulet of reflection (curse)
HPRegen  0.18/turn              d - +5 ring of protection
MPRegen  0.11/turn              (no ring)

@: no status effects
A: permanent stasis, dig shafts and tunnels, four strong arms, antennae 3
a: Dig, Shaft Self, Depart the Abyss, Bend Space, Banish, Renounce Religion


You were on level 4 of the Dungeon.
You worshipped Lugonu.
Lugonu was most pleased with you.
You were not hungry.

You visited 1 branch of the dungeon, and saw 4 of its levels.
You visited the Abyss 1 time.

You collected 187 gold pieces.

Inventory:

Hand Weapons
 a - a +1 falchion (weapon)
 f - a +0 rapier
 h - a +0 spear
 p - a +0 halberd
Missiles
 o - 3 boomerangs (quivered)
Armour
 b - a +0 leather armour (worn)
 n - a +0 kite shield (worn)
Jewellery
 d - a +5 ring of protection (left hand)
 s - a cursed +5 amulet of reflection (around neck)
Wands
 e - a wand of acid (7)
 x - a wand of iceblast (8)
Scrolls
 k - a scroll of fear {unknown}
 m - 2 scrolls of remove curse {unknown}
 q - a scroll of blinking {unknown}
 r - a scroll of amnesia {unknown}
 t - a scroll of enchant weapon {unknown}
 u - a scroll of identify {unknown}
Potions
 g - 3 potions of curing {unknown}
 i - a potion of flight {unknown}
 j - a potion of heal wounds {unknown}
 l - 2 potions of stabbing {unknown}
 v - a potion of invisibility {unknown}
 w - a potion of resistance {unknown}
Comestibles
 c - 9 rations


   Skills:
 * Level 5.4 Fighting
 + Level 3.4 Long Blades
 + Level 0.1 Throwing
 + Level 2.8 Armour
 + Level 2.1 Dodging
 + Level 1.1 Stealth
 * Level 1.4 Shields
 * Level 3.7 Invocations


You had 6 spell levels left.
You didn't know any spells.
Your spell library was empty.

Dungeon Overview and Level Annotations

Branches:
Dungeon (4/15)
 Temple: D:4-7

Altars:
Ashenzari
Cheibriados
Hepliaklqana
Nemelex Xobeh
Trog
Wu Jian
Zin


Innate Abilities, Weirdness & Mutations

You cannot be hasted, slowed, berserked, paralysed or teleported.
You can dig through walls and to a lower floor.
Your four strong arms can wield two-handed weapons with a shield.
You have a pair of large antennae on your head. (SInv)


Message History

Lugonu accepts your kill.
You have reached level 7!
You block the gnoll zombie's attack.
You hit the gnoll zombie.
The gnoll zombie is lightly damaged.
A gnoll zombie comes into view.
You block the gnoll zombie's attack.
You slash the gnoll zombie!
The gnoll zombie is heavily damaged.
The gnoll zombie hits you!
* * * LOW HITPOINT WARNING * * *
You hit the gnoll zombie.
The gnoll zombie is severely damaged.
You block the gnoll zombie's attack.
Are you sure you want to shaft yourself?
You feel quite a bit more hungry. The gnoll zombie closely misses you.
You begin to dig a shaft.
You continue digging a shaft.
The orc priest calls down the wrath of Beogh upon you.
Beogh smites you!
You die...

##.#...........
#.#......o..# .
#.#........# .
#.#........# #
#.#........# ###
##.##.......# #### ##..
##...##...#..# .....
#...
.#.........))#####......
#...
......###.....o.@Z.Z....
#... ....###
###...####...... #.(.
##..## ##..# ..... {
#... ##..## #.##
##########... ##..## #.#
.......... ##..## ##.#
#........ ##..###..##
#......#
##..##..(#########
##......
##..............#
##..##.


You could see an orc priest and 2 gnoll zombies.

Vanquished Creatures
  A howler monkey (D:4)
  A crimson imp (Abyss:2)
  An orc priest (D:4)
  A hound (D:4)
  An iguana (D:4)
  An orc wizard (D:4)
  A worker ant (D:4)
  4 gnolls
  2 adders
  2 oozes
  A worm (D:2)
  4 dart slugs
  A leopard gecko (D:4)
  2 orcs
  6 giant cockroaches
  7 goblins
  6 hobgoblins
  14 jackals
  2 quokkas (D:2)
  7 bats
  9 frilled lizards
  10 kobolds
  10 rats
94 creatures vanquished.

Notes
Turn   | Place    | Note
-------+----------+-------------------------------------------
     0 | Abyss:1  | Esekla the Formicid Abyssal Knight began the quest for the
                  | Orb.
     0 | Abyss:1  | Reached XP level 1. HP: 18/18 MP: 2/2
    13 | Abyss:1  | Found a corrupted altar of Lugonu,
    56 | Abyss:2  | Found a corrupted altar of Lugonu,
    91 | Abyss:2  | Noticed a raiju
    97 | Abyss:2  | Noticed a crimson imp
   108 | Abyss:2  | Killed a crimson imp
   108 | Abyss:2  | Reached skill level 4 in Fighting
   108 | Abyss:2  | Reached XP level 2. HP: 26/26 MP: 3/3
   108 | Abyss:2  | Reached XP level 3. HP: 31/31 MP: 4/4
   124 | Abyss:2  | Noticed a small abomination
   137 | Abyss:2  | Noticed a smoke demon
   137 | Abyss:2  | Noticed a revenant
   140 | Abyss:2  | Noticed a starcursed mass
   145 | D:1      | Escaped the Abyss
   215 | D:1      | Reached skill level 1 in Dodging
   261 | D:1      | Reached ** piety under Lugonu
   285 | D:1      | Reached XP level 4. HP: 26/38 MP: 5/5
   539 | D:2      | Reached skill level 5 in Fighting
   796 | D:2      | Reached XP level 5. HP: 44/44 MP: 6/6
  1004 | D:2      | Found a hazy altar of Hepliaklqana,
  1004 | D:2      | Found a shattered altar of Ashenzari,
  1005 | D:2      | Found a glowing silver altar of Zin,
  1050 | D:2      | Found a sparkling altar of Nemelex Xobeh,
  1290 | D:2      | Noticed a moth of wrath
  1315 | D:2      | Found a bloodstained altar of Trog,
  1632 | D:2      | Reached *** piety under Lugonu
  2265 | D:3      | Found an ornate altar of the Wu Jian Council,
  2338 | D:3      | Reached XP level 6. HP: 51/51 MP: 8/8
  2755 | D:4      | Found a snail-covered altar of Cheibriados,
  2922 | D:4      | Reached skill level 1 in Shields
  3468 | D:4      | Reached skill level 1 in Stealth
  3470 | D:4      | Reached XP level 7. HP: 18/56 MP: 9/9
  3478 | D:4      | Killed from afar by an orc priest

Levels and vault maps discovered:
D:1:      elethiomel_arrival_shortcut, layout_rooms
D:2:      minmay_razor_zed, layout_rooms, gammafunk_temple_overflow_claw,
          tgw_trog, interstate_on_off, nemelex_diamond_rough_becter
D:3:      layout_basic, lemuel_crystal_altar, first_ration
D:4:      minmay_spotlight, layout_layer_cave, nicolae_overflow_crystal_walls,
          lemuel_zombie_altar_yredelemnul

Skill      XL: |  1  2  3  4  5  6 |
---------------+-------------------+-----
Fighting       | 4 5 |  5.4
Dodging        | 1 2 |  2.1
Invocations    | 3 |  3.7
Long Blades    | 3 |  3.4
Shields        | 1 |  1.4
Stealth        | 1 |  1.1
Throwing       | |  0.1
Armour         | |  2.8

Action                   |  1- 3 |  4- 6 |  7- 9 || total
-------------------------+-------+-------+-------++-------
Melee: Falchion          |    43 |   242 |     3 ||   288
Throw: Boomerang         |       |     5 |       ||     5
 Abil: Shaft Self        |       |       |     1 ||     1
Evoke: Wand              |     1 |     1 |       ||     2
  Use: Scroll            |       |     1 |       ||     1
 Stab: Sleeping          |       |     1 |       ||     1
  Eat: Chunk             |       |     9 |       ||     9
Armor: Leather armour    |    13 |    95 |       ||   108
Dodge: Dodged            |    34 |   143 |     1 ||   178
Block: Kite shield       |       |    25 |     3 ||    28
       Reflection        |       |     1 |       ||     1
       Rpst.: Falchion   |    15 |    42 |       ||    57

Table legend:
 A = Non-vault XP
 B = Vault XP
 C = Vault XP percentage of total XP
 D = Non-vault monster count
 E = Vault monster count
 F = Vault count percentage of total count
                 A         B        C        D         E       F
            +---------+---------+-------+---------+---------+-------
      Total |     440 |      85 |  16.2 |      76 |      18 |  19.1
            +---------+---------+-------+---------+---------+-------
        D:1 |      44 |       0 |   0.0 |      21 |       0 |   0.0
        D:2 |      72 |      30 |  29.4 |      29 |      17 |  37.0
        D:3 |      81 |       0 |   0.0 |      17 |       0 |   0.0
        D:4 |     197 |      55 |  21.8 |       8 |       1 |  11.1
    Abyss:2 |      46 |       0 |   0.0 |       1 |       0 |   0.0
            +---------+---------+-------+---------+---------+-------
